 Dungeon Crawl Stone Soup version 0.20.1-1-g8b1a95d (webtiles) character file.

145027 Ymberti the Severer (level 17, -3/166 HPs)
             Began as a Hill Orc Fighter on Oct 11, 2017.
             Was the Champion of Beogh.
             Killed from afar by a shock serpent (4 damage)
             ... with a bolt of electricity
             ... on level 4 of the Snake Pit on Oct 12, 2017.
             The game lasted 02:36:50 (29098 turns).

Ymberti the Severer (Hill Orc Fighter)             Turns: 29098, Time: 02:36:51

Health: -3/166     AC: 32    Str: 21    XL:     17   Next: 41%
Magic:  27/27      EV: 16    Int:  4    God:    Beogh [******]
Gold:   2587       SH: 15    Dex: 28    Spells: 16/16 levels left

rFire    . . .     SeeInvis .   H - +9 trident of the Eggplant {flame, +Rage Str-2 Dex+4}
rCold    + + .     Gourm    .   c - +0 shield
rNeg     + . .     Faith    .   W - +3 plate armour {rN+}
rPois    .         Spirit   .   K - +2 hat
rElec    +         Reflect  .   G - +2 cloak {rC+}
rCorr    .         Harm     +   B - +2 pair of gloves
MR       +....                  v - +2 pair of boots
Stlth    ..........             J - amulet "Ugguh" {Harm *Drain MP+9 Int-4 Dex+5 Stlth+}
Regen    0.4/turn               k - +5 ring of slaying
MPRegen  0.2/turn               e - +4 ring of dexterity

@: lethally poisoned (-3 -> -50), berserk cooldown, slowed, very slow
A: walk on water, cold resistance 1, robust 1, electricity resistance, strong 1
a: Smiting, Recall Orcish Followers, Give Item to Named Follower, Resurrection,
Renounce Religion, Evoke Berserk Rage


You were on level 4 of the Snake Pit.
You worshipped Beogh.
Beogh was exalted by your worship.
You were not hungry.

You visited 5 branches of the dungeon, and saw 28 of its levels.
You also visited: Labyrinth and Ice Cave.

You collected 2788 gold pieces.
You spent 201 gold pieces at shops.

Inventory:

Hand Weapons
 r - a +4 trident
 H - the +9 trident of the Eggplant (weapon) {flame, +Rage Str-2 Dex+4}
   (You found it on level 6 of the Lair of Beasts)

   It has been specially enchanted to burn those struck by it, causing extra
   injury to most foes and up to half again as much damage against particularly
   susceptible opponents.
   It affects your strength (-2).
   It affects your dexterity (+4).
   It lets you go berserk.
Armour
 c - a +0 shield (worn)
 v - a +2 pair of boots (worn)
 B - a +2 pair of gloves (worn)
 G - a +2 cloak of cold resistance (worn)
 K - a +2 hat (worn)
 Q - a +2 cloak of poison resistance
 W - a +3 plate armour of positive energy (worn)
Jewellery
 e - a +4 ring of dexterity (right hand)
 k - a +5 ring of slaying (left hand)
 J - the amulet "Ugguh" (around neck) {Harm *Drain MP+9 Int-4 Dex+5 Stlth+}
   (You took it off a minotaur in a labyrinth)

   [amulet of harm]

   It increases damage dealt and taken.
   It affects your intelligence (-4).
   It affects your dexterity (+5).
   It affects your magic capacity (+9).
   It causes draining when unequipped.
   It makes you more stealthy.
 T - an uncursed ring of see invisible
Wands
 b - a wand of random effects (32/48)
 d - a wand of polymorph (18/24)
 p - a wand of iceblast (7/15)
 t - a wand of iceblast (3/15)
 w - a wand of polymorph (17/24)
 y - a wand of acid (9/15)
Scrolls
 a - a scroll of enchant armour
 g - 2 scrolls of amnesia
 i - 12 scrolls of remove curse
 j - 16 scrolls of teleportation
 q - 3 scrolls of magic mapping
 x - a scroll of enchant weapon
 A - 5 scrolls of fear
 L - 3 scrolls of holy word
 S - 10 scrolls of identify
Potions
 h - a potion of invisibility
 o - 9 potions of curing
 s - 2 potions of brilliance
 u - a potion of resistance
 C - a potion of mutation
 F - 4 potions of cancellation
 I - a potion of berserk rage
 R - 4 potions of agility
Books
 n - a Fen Folio

   Spells                             Type                      Level
   a - Corpse Rot                     Necromancy                   2
   b - Stone Arrow                    Conjuration/Earth            3
   c - Leda's Liquefaction            Hexes/Earth                  4
   d - Summon Forest                  Summoning/Translocation      5
   e - Hydra Form                     Transmutation                6
   f - Summon Hydra                   Summoning                    7
 D - a book of Battle

   Spells                             Type                      Level
   a - Infusion                       Charms                       1
   b - Shroud of Golubria             Charms/Translocation         2
   c - Song of Slaying                Charms                       2
   d - Spectral Weapon                Hexes/Charms                 3
   e - Regeneration                   Charms/Necromancy            3
Comestibles
 f - 15 bread rations
 l - 17 meat rations
 z - 18 royal jellies


   Skills:
 + Level 13.7 Fighting
   Level 7.3 Long Blades
   Level 16.8(17.9) Axes
 + Level 9.3(13.0) Polearms
 + Level 14.1 Armour
 * Level 11.8 Dodging
 + Level 3.1 Stealth
 + Level 14.3 Shields
 + Level 2.5 Invocations


You had 16 spell levels left.
You didn't know any spells.

Dungeon Overview and Level Annotations

Branches:
Dungeon (15/15)            Temple (1/1) D:6            Lair (6/6) D:9
  Swamp (0/4) Lair:3        Snake (4/4) Lair:2        Slime (0/5) Lair:5
    Orc (2/2) D:10            Elf (0/3) Orc:2        Vaults (0/5) D:13
 Depths (0/5) D:15

Altars:
Ashenzari
Cheibriados
Dithmenos
Elyvilon
Fedhas
Gozag
Hepliaklqana
Kikubaaqudgha
Makhleb
Nemelex Xobeh
Okawaru
Qazlal
Ru
Sif Muna
Trog
Uskayaw
Vehumet
Xom
Yredelemnul
Zin
The Shining One
Beogh
Jiyva

Shops:
D:5 (   D:12 =   Orc:2 :(?(

Annotations:
D:6 2 runed doors


Innate Abilities, Weirdness & Mutations

You can walk on water.
Your flesh is cold resistant. (rC+)
You are robust. (+10% HP)
You are resistant to electric shocks. (rElec)
Your muscles are strong. (Str +2)


Message History

The nagaraja spits poison at you. You block the splash of poison.
* * * LOW HITPOINT WARNING * * *
The nagaraja constricts you.
The shock serpent bites Margrim!
The shock serpent shocks Margrim!
The naga sharpshooter mumbles some strange words.
The naga sharpshooter magically shoots a bolt.
The bolt hits you!
* * * LOW HITPOINT WARNING * * *
You escape the nagaraja's grasp.
* * * LOW HITPOINT WARNING * * *
You feel extremely sick.
The shock serpent shoots out a bolt of lightning at you!
The bolt of electricity hits Margrim.
Margrim dies!
Your rust devil disappears in a puff of smoke!
Your sun demon disappears in a puff of smoke!
The bolt of electricity hits the black mamba.
The bolt of electricity hits you! You resist.
You die...

###...##...###34##
.#######†.## #(##
.....##..## #.# .
........## ##)# .#
.........####))# ##...
..........)†)(####....
###.####..))†††....# #
#.....##....)....###.#
.....o.##.......@N.§.##
.#####o.###<#####S)...#
##...##.###... #§NS).#
.........####. #(N)..#
#.....#.)#######.(....#
#.8.8.##[)##.8.#####..#
.......#..#.....# #.'N
...<...#..'..<(8# .'..
.......#..#..).(# #..


You could see a nagaraja, a naga sharpshooter, a shock serpent, a black mamba
and 2 nagas.

Vanquished Creatures
  An Ice Fiend (IceCv)
  Agnes (Snake:1)
  A nagaraja (Snake:4)
  A fire dragon (Lair:6)
  A minotaur (Lab)
  Erolcha (D:9)
  5 hydras
  8 naga warriors
  2 centaur warriors
  5 anacondas
  9 two-headed ogres
  3 naga sharpshooters
  2 ogre magi
  4 shock serpents
  A sea snake (Snake:2)
  3 unseen horrors
  2 skeletal warriors (D:15)
  An unseen horror (shapeshifter) (D:15)
  A swamp dragon (Lair:6)
  A lindwurm (Lair:5)
  2 naga ritualists
  The ghost of matthes123 the Spear-Bearer, a novice MfGl (D:6)
  A wolf spider (Lair:6)
  A wizard (D:11)
  8 ugly things
  3 mana vipers
  2 orc sorcerers (Orc:2)
  2 oklob plants
  The ghost of Frank the Slasher, a novice OpFi (D:5)
  A cyclops (D:14)
  A manticore (Lair:5)
  7 salamanders
  8 elephants
  14 black mambas
  6 guardian serpents
  An ice statue (IceCv)
  2 gargoyles
  6 naga magi
  11 spiny frogs
  A centaur skeleton (D:14)
  Psyche (D:8)
  A torpor snail (Lair:5)
  3 rime drakes
  A kobold demonologist (D:13)
  A yaktaur (D:15)
  6 ice devils (IceCv)
  6 freezing wraiths
  2 golden dragon simulacra (IceCv)
  A tengu conjurer (D:14)
  7 komodo dragons
  5 anaconda simulacra (IceCv)
  A troll (D:14)
  A polar bear (D:8)
  6 meliai
  The ghost of Ymberti the Slasher, an amateur HOFi of Beogh (D:4)
  2 hornets
  Prince Ribbit (D:5)
  2 queen bees
  Grinder (D:5)
  4 blink frogs
  5 slime creatures
  2 hippogriffs
  4 redbacks
  Sigmund (D:4)
  2 shadows
  4 dire elephant simulacra (IceCv)
  A vampire (D:13)
  5 wyverns
  A spriggan (D:7)
  2 fire elementals (Orc:2)
  5 basilisks
  12 yaks
  7 vampire mosquitoes
  2 hungry ghosts (Lab)
  A death yak simulacrum (IceCv)
  Edmund (D:6)
  2 wargs
  3 harpy simulacra (IceCv)
  17 nagas
  A soldier ant (D:15)
  2 iron troll simulacra (IceCv)
  11 water moccasins
  4 acid dragons
  3 hydra simulacra (IceCv)
  Duvessa (D:7)
  A black bear (D:12)
  A swamp drake (Lair:6)
  4 orc warriors
  4 phantoms
  4 sky beasts
  2 necrophages
  2 eyes of draining
  8 ice beasts
  12 ogres
  A boggart (D:11)
  3 centaurs
  5 wolves
  6 crocodiles
  12 bullfrogs
  Blork the orc (D:6)
  A gnoll sergeant (D:11)
  Dowan (D:7)
  A water moccasin zombie (D:5)
  3 scorpions
  51 killer bees
  A swamp dragon simulacrum (IceCv)
  2 electric eels
  7 wights (D:9)
  5 lava snakes (Snake:3)
  7 crimson imps
  3 hounds
  A quasit (D:11)
  A centaur zombie (D:11)
  3 draconian simulacra (IceCv)
  11 orc wizards
  A jelly (D:7)
  6 orc priests
  Crazy Yiuf (D:6)
  3 bullfrog skeletons
  2 iguanas
  Natasha (D:2)
  10 worker ants
  A troll simulacrum (IceCv)
  3 spriggan simulacra (IceCv)
  A wolf simulacrum (IceCv)
  4 centaur simulacra
  A hound skeleton (D:5)
  A hound zombie (D:8)
  A killer bee simulacrum (D:8)
  A howler monkey zombie (D:5)
  2 worker ant zombies
  A gnoll (Orc:1)
  2 naga simulacra (IceCv)
  13 adders
  5 ogre simulacra (IceCv)
  A shadow imp (D:7)
  7 white imps (IceCv)
  3 ufetubi (IceCv)
  2 oozes
  2 adder skeletons
  3 worms
  2 dart slugs
  3 leopard geckos
  23 orcs
  3 bats
  6 giant cockroaches
  8 goblins
  5 hobgoblins
  15 jackals
  9 kobolds
  2 quokkas
  A ball python (D:2)
  5 frilled lizards
  A jackal zombie (D:5)
  A quokka skeleton (D:4)
  10 rats
  2 bushes (Lair:3)
  15 fungi
  28 plants
665 creatures vanquished.

Vanquished Creatures (collateral kills)
  Rupert (Lair:3)
  Donald (Orc:2)
  3 nagarajas
  Louise (D:14)
  Azrael (Orc:2)
  Josephine (Orc:2)
  A vault guard (D:13)
  4 naga warriors
  5 hydras
  2 two-headed ogres
  3 ogre magi
  2 centaur warriors
  5 anacondas
  A shock serpent (Snake:3)
  A tengu warrior (D:14)
  6 naga sharpshooters
  Nergalle (Orc:2)
  Sonja (Orc:2)
  A skeletal warrior (D:15)
  2 salamander mystics (Snake:3)
  A glowing orange brain (D:15)
  A naga ritualist (Snake:4)
  A wolf spider zombie (D:14)
  3 deep elf magi
  4 mana vipers
  2 ugly things (D:14)
  5 oklob plants
  2 orc sorcerers (Orc:2)
  6 salamanders
  3 manticores
  5 slime creatures
  7 elephants
  A centaur zombie (D:13)
  3 cyclopes
  An elephant (shapeshifter) (D:15)
  A guardian serpent (Snake:4)
  13 black mambas
  A torpor snail (Lair:6)
  A centaur skeleton (D:14)
  5 naga magi
  7 spiny frogs
  2 kobold demonologists (D:14)
  A rime drake (shapeshifter) (D:15)
  A yaktaur (D:15)
  A komodo dragon (shapeshifter) (D:15)
  7 komodo dragons
  3 rime drakes
  2 trolls
  A hornet (shapeshifter) (D:10)
  A hornet (Lair:6)
  5 hippogriffs
  16 blink frogs
  A redback (Lair:6)
  6 wraiths
  A water elemental (D:15)
  31 yaks
  5 wyverns (Lair:6)
  A basilisk (shapeshifter) (D:14)
  3 basilisks
  5 vampire mosquitoes
  3 hungry ghosts
  3 wargs
  17 nagas
  An acid dragon (Lair:6)
  13 water moccasins
  4 porcupines
  2 hell hounds (Orc:2)
  4 phantoms
  A black bear (Lair:4)
  4 ice beasts
  9 ogres
  2 sky beasts
  5 wolves (Lair:3)
  3 centaurs
  6 crocodiles
  8 bullfrogs
  2 big kobolds (D:14)
  A scorpion (D:12)
  A water moccasin skeleton (D:8)
  13 killer bees
  5 wights
  2 electric eels
  2 bullfrog zombies (D:8)
  2 lava snakes (Snake:3)
  A crimson imp (D:11)
  5 hounds
  2 orc priests
  7 orc wizards
  A bullfrog skeleton (D:10)
  2 iguanas
  4 worker ants
  2 gnolls (Orc:1)
  9 adders
  A shadow imp (D:15)
  A white imp (D:8)
  A leopard gecko (D:11)
  3 orcs
  2 jackals
  2 ball pythons (Snake:3)
  7 bushes
  27 fungi
  70 plants
469 creatures vanquished.

Vanquished Creatures (others)
  An orc high priest (Snake:4)
  5 orc knights
  5 orc warriors
  A naga (Snake:4)
  2 hell hounds (Orc:2)
  A killer bee (Lair:5)
  10 orc priests
  17 orc wizards
  38 orcs
  A quokka (D:9)
  A bush (Lair:6)
  A fungus (Lair:5)
  5 plants (Lair:6)
88 creatures vanquished.

Grand Total: 1222 creatures vanquished

Notes
Turn   | Place    | Note
-------+----------+-------------------------------------------
     0 | D:1      | Ymberti the Hill Orc Fighter began the quest for the Orb.
     0 | D:1      | Reached XP level 1. HP: 19/19 MP: 1/1
   132 | D:1      | Reached XP level 2. HP: 15/27 MP: 2/2
   618 | D:2      | Reached XP level 3. HP: 33/33 MP: 3/3
   807 | D:2      | Reached XP level 4. HP: 36/40 MP: 4/4
  1044 | D:2      | Noticed Natasha
  1047 | D:2      | Found a sacrificial altar of Ru.
  1054 | D:2      | Killed Natasha
  1264 | D:3      | Became a worshipper of Beogh the Brigand
  1273 | D:3      | Reached XP level 5. HP: 47/47 MP: 5/5
  1696 | D:3      | Reached skill level 1 in Dodging
  2085 | D:3      | Found an opulent altar of Gozag.
  2087 | D:3      | Found a radiant altar of Vehumet.
  2256 | D:4      | Reached XP level 6. HP: 45/53 MP: 6/6
  2318 | D:4      | Noticed Ymberti's ghost (amateur HOFi)
  2550 | D:4      | Reached * piety under Beogh
  2860 | D:4      | Killed Ymberti's ghost
  2860 | D:4      | Reached skill level 5 in Long Blades
  2860 | D:4      | Reached XP level 7. HP: 35/60 MP: 7/7
  2898 | D:4      | Noticed Sigmund
  3409 | D:4      | Killed Sigmund
  3409 | D:4      | Reached skill level 5 in Armour
  3409 | D:4      | Reached skill level 5 in Shields
  3442 | D:5      | Entered Level 5 of the Dungeon
  3476 | D:5      | Noticed Grinder
  3484 | D:5      | Killed Grinder
  3484 | D:5      | Reached skill level 5 in Fighting
  3484 | D:5      | Reached XP level 8. HP: 50/68 MP: 8/8
  3547 | D:5      | Noticed Prince Ribbit
  3796 | D:5      | Noticed Frank's ghost (novice OpFi)
  4007 | D:5      | Found a glowing silver altar of Zin.
  4007 | D:5      | Found a shattered altar of Ashenzari.
  4008 | D:5      | Found a stormy altar of Qazlal.
  4010 | D:5      | Found an ancient bone altar of Kikubaaqudgha.
  4010 | D:5      | Found a basalt altar of Yredelemnul.
  4011 | D:5      | Found a shimmering altar of Xom.
  4146 | D:5      | Found Axte's Weapon Emporium.
  4154 | D:5      | Bought a +2 war axe of flaming for 201 gold pieces
  4304 | D:5      | Killed Prince Ribbit
  4400 | D:5      | Gained mutation: You are robust. (+10% HP) [potion of mutation]
  4400 | D:5      | Gained mutation: You have sharp fingernails. [potion of mutation]
  4446 | D:5      | Killed Frank's ghost
  4446 | D:5      | Reached skill level 1 in Axes
  4446 | D:5      | Reached XP level 9. HP: 33/82 MP: 9/9
  4698 | D:5      | Reached skill level 2 in Axes
  4722 | D:6      | Noticed Blork the orc
  4999 | D:6      | Killed Blork the orc
  5134 | D:6      | Reached skill level 3 in Axes
  5149 | D:6      | Found a staircase to the Ecumenical Temple.
  5154 | D:6      | Noticed matthes123's ghost (novice MfGl)
  5278 | D:6      | Killed matthes123's ghost
  5278 | D:6      | Reached skill level 4 in Axes
  5298 | D:6      | Found a runed door.
  5468 | D:6      | Noticed Crazy Yiuf
  5476 | D:6      | Killed Crazy Yiuf
  5570 | D:6      | Noticed Edmund
  5576 | D:6      | Reached ** piety under Beogh
  5579 | D:6      | Killed Edmund
  5580 | D:6      | Found a large runed door.
  5580 | D:6      | Found a large runed door.
  5599 | D:6      | Found a large runed door.
  5599 | D:6      | Found a large runed door.
  5605 | D:6      | Noticed a gargoyle
  5605 | D:6      | Noticed a green ugly thing
  5621 | D:6      | Killed a green ugly thing
  5621 | D:6      | Reached skill level 6 in Axes
  5621 | D:6      | Reached XP level 10. HP: 56/92 MP: 10/10
  5632 | D:6      | Killed a gargoyle
  5641 | D:6      | Reached skill level 5 in Dodging
  5957 | D:6      | Got a creamy pearl robe
  5968 | D:6      | Identified the +1 robe "Zapaop" {*Drain rPois rCorr Int+8} (You found it on level 6 of the Dungeon)
  6106 | D:6      | Reached skill level 7 in Axes
  6108 | D:6      | Lost mutation: You are robust. (+10% HP) [potion of mutation]
  6108 | D:6      | Lost mutation: You have sharp fingernails. [potion of mutation]
  6108 | D:6      | Gained mutation: Your flesh is cold resistant. (rC+) [potion of mutation]
  6108 | D:6      | Gained mutation: You have large cloven feet. [potion of mutation]
  6108 | D:6      | Gained mutation: You are partially covered in thin metallic scales. (AC +2) [potion of mutation]
  6443 | D:7      | Found a hazy altar of Hepliaklqana.
  6533 | D:7      | Lost mutation: Your flesh is cold resistant. (rC+) [potion of mutation]
  6533 | D:7      | Lost mutation: You are partially covered in thin metallic scales. (AC +2) [potion of mutation]
  6533 | D:7      | Gained mutation: You are agile. (Dex +2) [potion of mutation]
  6533 | D:7      | Gained mutation: You have a pair of small antennae on your head. [potion of mutation]
  6572 | D:7      | Found an iron altar of Okawaru.
  6661 | D:7      | Noticed Duvessa
  6662 | D:7      | Noticed Dowan
  6668 | D:7      | Killed Duvessa
  6668 | D:7      | Reached skill level 8 in Axes
  6673 | D:7      | Killed Dowan
  6754 | D:7      | Gained mutation: You are weak. (Str -2) [mutagenic meat]
  6755 | D:7      | Lost mutation: You are agile. (Dex +2) [mutagenic meat]
  6757 | D:7      | Gained mutation: You have a beak for a mouth. [mutagenic meat]
  6849 | D:7      | Reached *** piety under Beogh
  7234 | D:7      | You fall through a shaft for 3 floors!
  7234 | D:10     | Entered Level 10 of the Dungeon
  7243 | D:10     | Found a staircase to the Orcish Mines.
  7340 | D:9      | Reached skill level 9 in Axes
  7361 | D:9      | Noticed Erolcha
  7375 | D:9      | Killed Erolcha
  7388 | D:9      | Found a staircase to the Lair.
  7393 | D:9      | Reached XP level 11. HP: 44/92 MP: 11/11
  7602 | D:9      | Reached skill level 10 in Axes
  7924 | D:8      | Reached **** piety under Beogh
  8454 | D:8      | Noticed Psyche
  8459 | D:8      | Killed Psyche
  8554 | D:8      | Reached skill level 11 in Axes
  8675 | D:8      | You fall through a shaft for 3 floors!
  8727 | D:11     | Noticed a wizard
  8743 | D:11     | Killed an unseen horror
  8743 | D:11     | Killed a wizard
  9031 | D:9      | Noticed a two-headed ogre
  9042 | D:9      | Killed a two-headed ogre
  9091 | D:9      | Found a white marble altar of Elyvilon.
  9098 | D:9      | Reached ***** piety under Beogh
  9514 | D:10     | Reached skill level 12 in Axes
  9659 | D:10     | Noticed a centaur warrior
  9669 | D:10     | Killed a centaur warrior
  9710 | D:10     | Noticed an ogre mage
  9725 | D:10     | Killed an ogre mage
  9725 | D:10     | Reached XP level 12. HP: 61/102 MP: 6/12
  9732 | D:10     | Gained Grimold as an ally
 10208 | D:11     | Found a snail-covered altar of Cheibriados.
 10426 | D:11     | Found a basalt altar of Yredelemnul.
 10603 | D:11     | Noticed a two-headed ogre
 10610 | D:11     | Killed a two-headed ogre
 10610 | D:11     | Reached skill level 10 in Armour
 11108 | D:12     | Gained Hawl as an ally
 11200 | D:12     | Found Suript's Jewellery Shoppe.
 11561 | D:12     | Reached skill level 13 in Axes
 11580 | D:12     | Reached skill level 1 in Invocations
 12079 | D:13     | Noticed a centaur warrior
 12095 | D:13     | Killed a centaur warrior
 12361 | D:13     | Noticed a two-headed ogre
 12363 | D:13     | Killed a two-headed ogre
 12365 | D:13     | Noticed a vault guard
 12377 | D:13     | Killed a vault guard
 12390 | D:13     | Found a gate to the Vaults.
 12569 | D:13     | Found a deep blue altar of Sif Muna.
 12673 | D:13     | Noticed a centaur warrior
 12680 | D:13     | Killed a centaur warrior
 12799 | D:14     | Reached skill level 10 in Shields
 12799 | D:14     | Reached XP level 13. HP: 93/111 MP: 12/14
 12840 | D:14     | Gained Dorog as an ally
 12896 | D:14     | Reached skill level 14 in Axes
 13034 | D:14     | Noticed Louise
 13043 | D:14     | Killed Louise
 13073 | D:14     | Reached ****** piety under Beogh
 13609 | D:15     | Entered Level 15 of the Dungeon
 13644 | D:15     | Reached skill level 10 in Fighting
 13709 | D:15     | Reached skill level 15 in Axes
 13826 | D:15     | Gained Bogbarth as an ally
 13939 | D:15     | Gained Wardok as an ally
 13955 | D:15     | Reached XP level 14. HP: 95/122 MP: 13/15
 13956 | D:15     | Found a staircase to the Depths.
 14606 | Temple   | Entered the Ecumenical Temple
 14744 | Lair:1   | Entered Level 1 of the Lair of Beasts
 14776 | Lair:1   | Reached skill level 16 in Axes
 15826 | Lair:2   | Got a faintly humming hat
 15837 | Lair:2   | Identified the +1 hat of Nobility {rElec Int+2 Dex+3 Slay-3} (You found it on level 2 of the Lair of Beasts)
 16129 | Lair:2   | Lost mutation: You are weak. (Str -2) [potion of mutation]
 16129 | Lair:2   | Lost mutation: You have large cloven feet. [potion of mutation]
 16129 | Lair:2   | Gained mutation: You evolve. [potion of mutation]
 16129 | Lair:2   | Gained mutation: You occasionally shout uncontrollably at your foes. [potion of mutation]
 16129 | Lair:2   | Gained mutation: Your mind is acute. (Int +2) [potion of mutation]
 16421 | Lair:2   | Found a staircase to the Snake Pit.
 16873 | Lair:3   | Noticed Rupert
 16873 | Lair:3   | Paralysed by Rupert for 4 turns
 16883 | Lair:3   | Killed Rupert
 16897 | Lair:3   | Found a staircase to the Swamp.
 17082 | Lair:3   | Lost mutation: You occasionally shout uncontrollably at your foes. [evolution]
 18044 | Lair:4   | Found a labyrinth entrance.
 18054 | Lab      | Entered a labyrinth
 18159 | Lab      | Reached XP level 15. HP: 132/132 MP: 16/16
 18167 | Lab      | Got a faintly humming ring mail
 18178 | Lab      | Identified the +2 ring mail of Death's Door {-Cast *Slow rF+++ Dex+3} (You found it in a labyrinth)
 18265 | Lab      | Got a faintly glowing ruby amulet
 18267 | Lab      | Identified the amulet "Ugguh" {Harm *Drain MP+9 Int-4 Dex+5 Stlth+} (You took it off a minotaur in a labyrinth)
 18815 | Lair:5   | Reached skill level 10 in Dodging
 19078 | Lair:5   | Lost mutation: Your mind is acute. (Int +2) [potion of mutation]
 19078 | Lair:5   | Lost mutation: You have a pair of small antennae on your head. [potion of mutation]
 19078 | Lair:5   | Lost mutation: You have a beak for a mouth. [potion of mutation]
 19078 | Lair:5   | Lost mutation: You evolve. [potion of mutation]
 19078 | Lair:5   | Gained mutation: Your mind is acute. (Int +2) [potion of mutation]
 19078 | Lair:5   | Gained mutation: You are robust. (+10% HP) [potion of mutation]
 19078 | Lair:5   | Gained mutation: Your muscles are strong. (Str +2) [potion of mutation]
 19079 | Lair:5   | Lost mutation: Your muscles are strong. (Str +2) [potion of mutation]
 19079 | Lair:5   | Lost mutation: You are robust. (+10% HP) [potion of mutation]
 19079 | Lair:5   | Lost mutation: Your mind is acute. (Int +2) [potion of mutation]
 19079 | Lair:5   | Gained mutation: You do not regenerate when monsters are visible. [potion of mutation]
 19079 | Lair:5   | Gained mutation: You passively map a small area around you. [potion of mutation]
 19267 | Lair:5   | Lost mutation: You do not regenerate when monsters are visible. [potion of mutation]
 19267 | Lair:5   | Lost mutation: You passively map a small area around you. [potion of mutation]
 19267 | Lair:5   | Gained mutation: Your mind is acute. (Int +2) [potion of mutation]
 19267 | Lair:5   | Gained mutation: You are resistant to electric shocks. (rElec) [potion of mutation]
 19267 | Lair:5   | Gained mutation: You have sharp toenails. [potion of mutation]
 19268 | Lair:5   | Lost mutation: You have sharp toenails. [potion of mutation]
 19268 | Lair:5   | Lost mutation: Your mind is acute. (Int +2) [potion of mutation]
 19268 | Lair:5   | Gained mutation: Your muscles are strong. (Str +2) [potion of mutation]
 19268 | Lair:5   | Gained mutation: Your flesh is cold resistant. (rC+) [potion of mutation]
 19268 | Lair:5   | Gained mutation: You are robust. (+10% HP) [potion of mutation]
 19520 | Lair:5   | Found a viscous altar of Jiyva.
 19521 | Lair:5   | Found a staircase to the Slime Pits.
 19623 | Lair:5   | Reached skill level 1 in Stealth
 19824 | Lair:6   | Entered Level 6 of the Lair of Beasts
 19932 | Lair:6   | Gained Boghold as an ally
 20029 | Lair:6   | Got a jewelled chain mail
 20040 | Lair:6   | Identified the +2 chain mail of Starshine {rF++} (You found it on level 6 of the Lair of Beasts)
 20940 | Lair:6   | Got a shimmering trident
 20941 | Lair:6   | Identified the +9 trident of the Eggplant {flame, +Rage Str-2 Dex+4} (You found it on level 6 of the Lair of Beasts)
 21226 | Orc:1    | Entered Level 1 of the Orcish Mines
 21848 | Orc:2    | Entered Level 2 of the Orcish Mines
 21850 | Orc:2    | Noticed Azrael
 21862 | Orc:2    | Killed Azrael
 22145 | Orc:2    | Found a staircase to the Elven Halls.
 22288 | Orc:2    | Found a roughly hewn altar of Beogh.
 22443 | Orc:2    | Noticed Donald
 22450 | Orc:2    | Killed Donald
 22454 | Orc:2    | Got a warped shield {Donald}
 22465 | Orc:2    | Identified the cursed -2 shield of the Teacher {-Tele Int+8} (You took it off Donald on level 2 of the Orcish Mines)
 22494 | Orc:2    | Noticed Josephine
 22499 | Orc:2    | Killed Josephine
 22511 | Orc:2    | Reached skill level 1 in Polearms
 22602 | Orc:2    | Found a radiant altar of Vehumet.
 22606 | Orc:2    | Paralysed by an orc sorcerer for 2 turns
 22616 | Orc:2    | Reached XP level 16. HP: 150/155 MP: 17/17
 22670 | Orc:2    | Noticed Nergalle
 22671 | Orc:2    | Found an ancient bone altar of Kikubaaqudgha.
 22675 | Orc:2    | Killed Nergalle
 22693 | Orc:2    | Noticed Sonja
 22704 | Orc:2    | Killed Sonja
 22704 | Orc:2    | Gained Jorge as an ally
 22708 | Orc:2    | Found Satsap's Book Emporium.
 22766 | Orc:2    | Found Gubisirgh's Magic Scroll Emporium.
 22766 | Orc:2    | Found Balint's Antique Weapon Shoppe.
 22768 | Orc:2    | Found a roughly hewn altar of Beogh.
 22790 | Orc:2    | Found Sifriog's Antique Weapon Emporium.
 23360 | Snake:1  | Entered Level 1 of the Snake Pit
 23576 | Snake:1  | Noticed Agnes
 23584 | Snake:1  | Killed Agnes
 24292 | Snake:1  | Reached skill level 5 in Polearms
 24388 | Snake:2  | Gained Thorok as an ally
 24565 | Snake:2  | Noticed a nagaraja
 24576 | Snake:2  | Killed a nagaraja
 25475 | Snake:3  | Gained Margrim as an ally
 25975 | Snake:3  | Your ally Thorok died
 26223 | Snake:3  | Noticed a nagaraja
 26231 | Snake:3  | Killed a nagaraja
 26753 | Snake:4  | Entered Level 4 of the Snake Pit
 26761 | Snake:4  | Gained Olfik as an ally
 26780 | Snake:4  | Your ally Olfik died
 27046 | Snake:4  | Gained Thorok as an ally
 27055 | Snake:4  | Reached XP level 17. HP: 138/165 MP: 18/18
 27072 | Snake:4  | Found a frozen archway.
 27089 | IceCv    | Entered an ice cave
 27269 | IceCv    | Gained Borgoth as an ally
 27328 | IceCv    | Your ally Borgoth died
 27775 | IceCv    | Noticed an Ice Fiend
 27790 | IceCv    | Gained Ugrim as an ally
 27790 | IceCv    | Your ally Ugrim died
 28238 | IceCv    | Killed an Ice Fiend
 29065 | Snake:4  | Your ally Boghold died
 29094 | Snake:4  | Your ally Thorok died
 29097 | Snake:4  | HP: 8/166 [naga sharpshooter/bolt (16)]
 29098 | Snake:4  | HP: 1/166 [poisoned by a naga sharpshooter (splash of poison)]
 29098 | Snake:4  | Your ally Margrim died
 29098 | Snake:4  | Killed from afar by a shock serpent

Skill      XL: |  1  2  3  4  5  6  7  8  9 10 11 12 13 14 15 16 17 |
---------------+----------------------------------------------------+-----
Fighting       | 4 5 6 7 8 9 10 11 12 13 | 13.7
Shields        | 4 5 6 7 8 10 12 13 14 | 14.3
Armour         | 4 5 6 7 8 9 10 11 12 13 14 | 14.1
Long Blades    | 3 5 6 7 |  7.3
Dodging        | 1 3 4 5 6 7 8 9 10 11 | 11.8
Axes           | 1 6 9 12 13 15 16 | 16.8
Invocations    | 1 2 |  2.5
Stealth        | 1 2 3 |  3.1
Polearms       | 1 7 9 |  9.3

Action                   |  1- 3 |  4- 6 |  7- 9 | 10-12 | 13-15 | 16-18 || total
-------------------------+-------+-------+-------+-------+-------+-------++-------
Melee: Long sword        |    89 |   154 |   111 |       |       |       ||   354
       War axe           |       |       |    96 |   392 |   545 |       ||  1033
       Peck              |       |       |       |    61 |    86 |       ||   147
       Trident           |       |       |       |       |    49 |   537 ||   586
       Falchion          |       |       |       |       |     6 |       ||     6
Invok: Convert to Beogh  |       |     1 |       |       |       |       ||     1
       Recall Orcish Fol |       |       |       |     5 |    10 |     1 ||    16
       Give Item to Name |       |       |       |       |     1 |     2 ||     3
  Use: Potion            |       |     3 |    13 |     3 |    19 |    13 ||    51
       Scroll            |       |       |     1 |    30 |    14 |     4 ||    49
 Stab: Distracted        |       |       |       |     2 |     4 |    13 ||    19
  Eat: Bread ration      |       |     1 |     1 |     2 |     4 |       ||     8
       Royal jelly       |       |     1 |     1 |     2 |     7 |     3 ||    14
       Fruit             |       |       |     8 |    10 |       |    18 ||    36
       Chunk             |       |       |       |     5 |     2 |       ||     7
Armor: Scale mail        |    35 |    16 |       |       |       |       ||    51
       Chain mail        |       |    93 |       |       |     8 |    12 ||   113
       Plate armour      |       |       |   127 |   267 |   337 |   176 ||   907
       Storm dragon scal |       |       |       |    29 |    32 |       ||    61
Dodge: Dodged            |    32 |    47 |    34 |   143 |   278 |   238 ||   772
Block: Shield            |    45 |    94 |   121 |   283 |   485 |   369 ||  1397
       Rpst.: Long sword |    10 |    19 |    12 |       |       |       ||    41
